 Dungeon Crawl Stone Soup version 0.31.0-11-ge490571c62 (webtiles) character file.

Game seed: 1591017415072992634

1660 stipulation the Scholar of Death (level 9, -3/37 (39) HPs)
             Began as a Vine Stalker Necromancer on Jan 27, 2024.
             Was a Follower of Kikubaaqudgha.
             Slain by a wight
             ... wielding a +2 great sword
              (9 damage)
             ... on level 6 of the Dungeon.
             The game lasted 00:11:04 (8756 turns).

stipulation the Scholar of Death (VSNe)             Turns: 8756, Time: 00:11:05

HP:   -3/37 (39)    AC:  2    Str: 11    XL:     9   Next: 0%
MP:   0/22          EV: 12    Int: 19    God:    Kikubaaqudgha [*.....]
Gold: 348           SH:  0    Dex: 15    Spells: 16/24 levels left

rFire   . . .        t - +8 trident of the Octopus King {venom, rElec rPois}
rCold   . . .        (no shield)
rNeg    . . .        a - +0 robe
rPois   +            (no helmet)
rElec   +            (no cloak)
rCorr   .            (no gloves)
SInv    .            (no boots)
Will    ++...        (no amulet)
Stlth   ++           i - ring of willpower
HPRegen 1.06/turn    (no ring)
MPRegen 0.18/turn

%: guardian spirit
@: drained
A: fangs 3, regeneration 1, magic shield, antimagic bite, no potion heal 2
a: Renounce Religion, Unearth Wretches


You were on level 6 of the Dungeon.
You worshipped Kikubaaqudgha.
Kikubaaqudgha was aware of your devotion.
You visited 1 branch of the dungeon, and saw 7 of its levels.

You collected 483 gold pieces.
You spent 135 gold pieces at shops.

Inventory:

Hand Weapons
 f - a +0 dagger
 l - a +0 short sword
 t - the +8 trident of the Octopus King (weapon) {venom, rElec rPois}
   (You found it on level 4 of the Dungeon)

   rElec:     It insulates you from electricity.
   rPois:     It protects you from poison
Armour
 a - a +0 robe (worn)
Jewellery
 i - a ring of willpower (left hand)
 u - a ring of fire
 z - a ring of wizardry
Wands
 v - a wand of flame (39)
Scrolls
 d - a scroll of fog {unknown}
 e - 2 scrolls of revelation {unknown}
 g - 4 scrolls of identify
 k - 2 scrolls of teleportation {unknown}
 o - 2 scrolls of poison {unknown}
 p - 2 scrolls of enchant weapon {unknown}
 r - 2 scrolls of vulnerability
 s - a scroll of torment {unknown}
 y - a scroll of enchant armour
Potions
 b - a potion of magic
 c - a potion of lignification {unknown}
 h - a potion of might {unknown}
 j - a potion of attraction {unknown}
 m - a potion of enlightenment {unknown}
 n - 2 potions of mutation {unknown}
 q - 4 potions of heal wounds {unknown}
 w - a potion of degeneration {unknown}
 x - a potion of invisibility {unknown}


   Skills:
 - Level 1.5 Dodging
 - Level 2.4 Stealth
 + Level 8.1 Spellcasting
 + Level 8.9 Necromancy


You had 16 spell levels left.
You knew the following spells:

 Your Spells              Type           Power      Damage    Failure   Level
a - Necrotise             Necr           100%       1d9       1%          1
b - Vampiric Draining     Necr           41%        2d8       1%          3
c - Animate Dead          Necr           41%        N/A       2%          4

Your spell library contained the following spells:

 Spells                   Type           Power      Damage    Failure   Level
 Kiss of Death            Conj/Necr      96%        2d12      1%          1
 Fugue of the Fallen      Necr           41%        N/A       1%          3
 Curse of Agony           Necr           41%        N/A       6%          5
 Slow                     Hex            28%        N/A       9%          1
 Call Canine Familiar     Summ           7%         N/A       26%         3
 Confusing Touch          Hex            7%         N/A       26%         3
 Sigil of Binding         Hex            7%         N/A       26%         3
 Dimensional Bullseye     Hex/Tloc       3%         N/A       65%         4


Dungeon Overview and Level Annotations

Branches:
Dungeon (7/15)             Temple (0/1) D:5

Altars:
Cheibriados
Kikubaaqudgha
Yredelemnul
Zin

Shops:
D:5 :   D:6 *


Innate Abilities, Weirdness & Mutations

You have razor-sharp teeth.
Your natural rate of healing is unusually fast.
When hurt, damage is shared between your health and your magic reserves.
Your bite disrupts and absorbs the magic of your enemies.
Potions cannot restore your health.


Message History

You climb upwards.
There is a stone staircase leading down here.
Casting: Necrotise (safe; 1% risk of failure)
Confirm with . or Enter, or press ? or * to list all spells.
You don't know that spell.
Unknown command.
You closely miss the wight. You bite the wight, but do no damage.
The wight misses you.
You hit the wight.
The wight is moderately damaged.
The wight closely misses you.
You hit the wight.
The wight is heavily damaged.
The wight hits you but does no damage.
The wight hits you with a +2 great sword!
You barely miss the wight. Your bite misses the wight.
The wight is heavily damaged.
The wight hits you with a +2 great sword!
You hit the wight. You bite the wight, but do no damage.
The wight is heavily damaged.
The wight hits you with a +2 great sword.
You feel drained.
You closely miss the wight. You bite the wight, but do no damage.
The wight is heavily damaged.
The wight completely misses you. The wight barely misses you.
You hit the wight. Your bite misses the wight.
The wight is heavily damaged.
The wight hits you with a +2 great sword!
You barely miss the wight.
The wight is heavily damaged.
The wight closely misses you.
You hit the wight. You bite the wight, but do no damage.
The wight is almost destroyed.
The wight hits you with a +2 great sword!
* * * LOW HITPOINT WARNING * * *
You feel drained.
* * * LOW HITPOINT WARNING * * *
The wight hits you with a +2 great sword!
You die...
Kikubaaqudgha rasps: "You have failed me!
Welcome... death!"

#......###...### ####..#.......
#......###...# #..........
#.....>.##.©.# #...#......
#......####### #..........
#.......##.©.#######
#...#.#####
#####.#.##...##....# #.#....# #
#.####.∩.##....###.###..##
#...##...##z(..##..###...##
##...##.©.##@......[.###[..##
##....#######......<)..)[.....
#.[#..##.©.##.....##.....##...
#>###.##...##..........#.##.#.
##.# #.##...##.....##...#......
#).####.##..#.....##########...
#.###.....#....#### #### #.#
#.....#.#.## # #.# #..........#
#


You could see a wight.

Vanquished Creatures
  A water moccasin (D:5)
  An orc warrior (D:7)
  2 black bears
  An ice beast (D:6)
  A centaur (D:6)
  An ogre (D:4)
  A bullfrog (D:7)
  A gnoll sergeant (D:5)
  4 wights
  2 bombardier beetles
  2 hounds (D:5)
  2 jellies
  An orc priest (D:4)
  2 sleepcaps
  2 iguanas (D:5)
  4 orc wizards
  11 gnolls
  4 adders
  2 shadow imps (D:5)
  2 ribbon worms
  4 dart slugs
  11 orcs
  6 bats
  5 endoplasms
  5 giant cockroaches
  6 goblins
  6 hobgoblins
  8 jackals
  2 quokkas
  5 ball pythons
  2 frilled lizards
  5 kobolds
  2 rats
114 creatures vanquished.

Vanquished Creatures (collateral kills)
  A gnoll (D:5)
  A kobold (D:3)
2 creatures vanquished.

Vanquished Creatures (others)
  2 gnoll zombies (D:5)
  2 jackal zombies (D:7)
  3 orc zombies (D:7)
7 creatures vanquished.

Grand Total: 123 creatures vanquished

Notes
Turn   | Place    | Note
-------+----------+-------------------------------------------
     0 | D:1      | stipulation the Vine Stalker Necromancer began the quest
                  | for the Orb.
     0 | D:1      | Reached XP level 1. HP: 9/9 MP: 4/4
   249 | D:1      | Reached XP level 2. HP: 13/13 MP: 1/6
  1132 | D:2      | Reached XP level 3. HP: 12/16 MP: 0/8
  2337 | D:3      | Reached XP level 4. HP: 21/21 MP: 8/10
  2619 | D:3      | Found an ancient bone altar of Kikubaaqudgha.
  2627 | D:3      | Became a worshipper of Kikubaaqudgha
  2852 | D:2      | Learned a level 3 spell: Vampiric Draining
  2857 | D:2      | Learned a level 4 spell: Animate Dead
  3472 | D:4      | Reached skill level 5 in Necromancy
  3478 | D:4      | Noticed a black bear
  3907 | D:4      | Reached XP level 5. HP: 24/24 MP: 6/12
  4104 | D:4      | Noticed an ogre
  4115 | D:4      | Killed an ogre
  4116 | D:4      | Reached XP level 6. HP: 28/28 MP: 4/14
  4254 | D:4      | Found the +8 trident of the Octopus King {venom, rElec
                  | rPois}
  4352 | D:4      | Reached * piety under Kikubaaqudgha
  4352 | D:4      | Received a gift from Kikubaaqudgha
  4597 | D:4      | Killed a black bear
  4598 | D:4      | Reached skill level 5 in Spellcasting
  5083 | D:5      | Entered Level 5 of the Dungeon
  5234 | D:5      | Reached XP level 7. HP: 21/32 MP: 9/16
  5313 | D:5      | Found a snail-covered altar of Cheibriados.
  5573 | D:5      | Found a glowing silver altar of Zin.
  5573 | D:5      | Noticed an angel
  5635 | D:5      | Found a basalt altar of Yredelemnul.
  5777 | D:5      | Found a staircase to the Ecumenical Temple.
  5994 | D:5      | Found Otsedouv's Vocational Training.
  6143 | D:5      | Gained mutation: You have razor-sharp teeth. [Vine Stalker
                  | growth]
  6143 | D:5      | Reached XP level 8. HP: 36/36 MP: 10/18
  6559 | D:5      | Found a glowing silver altar of Zin.
  6624 | D:5      | Found a basalt altar of Yredelemnul.
  6667 | D:5      | Found Otsedouv's Vocational Training.
  6754 | D:5      | Found a staircase to the Ecumenical Temple.
  7144 | D:5      | Found a snail-covered altar of Cheibriados.
  7515 | D:6      | Found a transporter.
  7524 | D:6      | Found Owniec's General Store.
  7527 | D:6      | Found a transporter.
  7536 | D:6      | Bought a scroll of enchant armour for 75 gold pieces
  7536 | D:6      | Bought a scroll of identify for 20 gold pieces
  7536 | D:6      | Bought a scroll of vulnerability for 40 gold pieces
  7969 | D:7      | Noticed a shadow
  8361 | D:7      | Reached XP level 9. HP: 39/39 MP: 5/22
  8756 | D:6      | Slain by a wight

Illustrated notes

Levels and vault maps discovered:
D:1:      lightli_molten_gateway, layout_loops_corners
D:2:      layout_basic
D:3:      layout_basic, mainiacjoe_overflow_chevrons
D:4:      layout_layer_cave
D:5:      layout_loops_corners, zin_angel, amcnicky_altar_gilded,
          mainiacjoe_overflow_24_doors, minmay_temple_entry_sparse_star,
          nicolae_shop_vocational
D:6:      layout_rooms, serial_shops, nicolae_shop_drivethru
D:7:      layout_cave_pools, mainiacjoe_overflow_brackets,
          mainiacjoe_overflow_concentric_impassable, gammafunk_ghost_cemetery,
          serial_gnoll_camp, gnoll_camp_mini_loothouse, gnoll_camp_mini_basic,
          gnoll_camp_mini_basic, gnoll_camp_mini_house, grunt_ministairs_3,
          nicolae_letterblocks [nicolae_letter_subblock,
          nicolae_letter_subblock, nicolae_letter_subblock,
          nicolae_letter_subblock, nicolae_letter_subblock,
          nicolae_letter_subblock, nicolae_letter_subblock,
          nicolae_letter_subblock, nicolae_letter_subblock,
          nicolae_letter_subblock, nicolae_letter_subblock,
          nicolae_letter_subblock, nicolae_letter_subblock,
          nicolae_letter_subblock, nicolae_letter_subblock,
          nicolae_letter_subblock, nicolae_letter_subblock,
          nicolae_letter_subblock, nicolae_letter_subblock,
          nicolae_letter_subblock, nicolae_letter_subblock,
          nicolae_letter_subblock, nicolae_letter_subblock,
          nicolae_letter_subblock, nicolae_letter_subblock], uniq_pikel

Skill      XL: |  1  2  3  4  5  6  7  8 |
---------------+-------------------------+-----
Spellcasting   | 3 4 5 6 8 |  8.1
Necromancy     | 5 6 7 8 |  8.9
Dodging        | |  1.5
Stealth        | |  2.4

Action                     |  1- 3 |  4- 6 |  7- 9 || total
---------------------------+-------+-------+-------++-------
  Melee: Unarmed           |     2 |       |       ||     2
         Bite              |     2 |     2 |    18 ||    22
         Dagger            |     6 |       |       ||     6
         Trident           |       |     7 |    65 ||    72
         Punch             |       |       |     1 ||     1
   Cast: Necrotise         |    72 |    86 |    71 ||   229
         Vampiric Draining |       |     7 |    12 ||    19
         Animate Dead      |       |       |     3 ||     3
   Stab: Sleeping          |       |       |     1 ||     1
 Armour: Robe              |    11 |    20 |    79 ||   110
  Dodge: Dodged            |    14 |    20 |    64 ||    98
